 Dungeon Crawl Stone Soup version 0.26.1-2-gb8aa6d0cf2 (webtiles) character file.

Game seed: 9485608593035943003

930 Contigo the Covered (level 7, -5/61 HPs)
             Began as a Minotaur Berserker on Feb 25, 2021.
             Was a Priest of Trog.
             Slain by a gnoll
             ... wielding a +3 halberd of venom
              (9 damage)
             ... on level 5 of the Dungeon.
             The game lasted 00:25:57 (10313 turns).

Contigo the Covered (Minotaur Berserker)           Turns: 10313, Time: 00:25:58

Health: -5/61      AC:  7    Str: 23    XL:     7   Next: 86%
Magic:  6/6        EV: 12    Int:  4    God:    Trog [***...]
Gold:   252        SH:  5    Dex: 10    Spells: 6/6 levels left

rFire    + . .     SeeInvis .   q - +0 mace
rCold    . . .     Faith    .   A - +2 buckler
rNeg     + . .     Spirit   .   i - +0 ring mail
rPois    .         Reflect  .   (helmet restricted)
rElec    .         Harm     .   (no cloak)
rCorr    .         Rampage  .   (no gloves)
Will     ++...                  z - +0 pair of boots
Stlth    +.........             h - amulet of magic regeneration
HPRegen  1.20/turn              r - ring of positive energy
MPRegen  0.35/turn              G - ring of protection from fire

@: lethally poisoned (-5 -> -11), berserk cooldown, regenerating, slowed, very
slow
A: retaliatory headbutt, horns 2
a: Renounce Religion, Berserk, Trog's Hand


You were on level 5 of the Dungeon.
You worshipped Trog.
Trog was most pleased with you.
You visited 1 branch of the dungeon, and saw 5 of its levels.
You also visited: Sewer.

You collected 252 gold pieces.

Inventory:

Hand Weapons
 a - a +0 hand axe
 e - a +2 dagger of freezing
 n - a +0 short sword
 p - a +4 quarterstaff of chaos
 q - a +0 mace (weapon)
 t - a +2 short sword of venom
Missiles
 c - 54 bolts
 m - 5 boomerangs
 o - 3 atropa-tipped darts
Armour
 b - a +1 animal skin
 i - a +0 ring mail (worn)
 x - a +0 robe
 z - a +0 pair of boots (worn)
 A - a +2 buckler (worn)
Jewellery
 h - an amulet of magic regeneration (around neck)
 r - a ring of positive energy (left hand)
 G - a ring of protection from fire (right hand)
Wands
 y - a wand of digging (6)
 H - a wand of flame (24)
Scrolls
 f - 5 scrolls of remove curse
 l - 2 scrolls of amnesia
 s - 5 scrolls of teleportation
 u - 4 scrolls of identify
 C - 2 scrolls of blinking
 E - a scroll of fog
 F - 2 scrolls of fear {unknown}
 I - a scroll of enchant weapon {unknown}
 J - a scroll of summoning {unknown}
 K - a scroll of enchant armour
Potions
 d - 4 potions of haste {unknown}
 g - a potion of curing {unknown}
 j - a potion of brilliance
 k - 6 potions of heal wounds
 v - 3 potions of lignification {unknown}
 w - a potion of degeneration {unknown}
 B - 3 potions of might {unknown}
 D - a potion of magic {unknown}


   Skills:
 + Level 5.3 Fighting
 + Level 2.9 Short Blades
 + Level 4.4 Axes
 + Level 0.8(4.1) Maces & Flails
 + Level 4.4(4.5) Staves
 + Level 6.3 Armour
 + Level 4.3 Dodging
 + Level 1.4 Stealth


You had 6 spell levels left.
You didn't know any spells.
Your spell library was empty.

Dungeon Overview and Level Annotations

Branches:
Dungeon (5/15)              Sewer (visited)
 Temple: D:4-7

Altars:
Elyvilon
Hepliaklqana
Makhleb
Qazlal
Yredelemnul


Innate Abilities, Weirdness & Mutations

You reflexively headbutt those who attack you in melee.
You have a pair of horns on your head.


Message History

The hound is almost dead.
You are no longer berserk.
You are exhausted.
You feel yourself slow down.
You feel sick. The hound bites you. The gnoll misses you.
You feel very sick. The hound bites you but does no damage.
The hound bites you.
* * * LOW HITPOINT WARNING * * *
The gnoll barely misses you. The hound bites you but does no damage.
You feel sick.
The gnoll hits you from afar with a +3 halberd of venom!
* * * LOW HITPOINT WARNING * * *
You are more poisoned.
The hound closely misses you.
Your skin crawls.
You feel strong-willed.
* * * LOW HITPOINT WARNING * * *
You feel very sick.
The gnoll hits you from afar with a +3 halberd of venom!
You die...

.......# .... #..# .....
####...# ....##..##....
#####..# ....#''#....
....##.# #........#
..>.##.##... #......####
....##.##..# +......'..#
[#####.##..## +......'..#
....##.##...####......####
....#..##....##.@hgh...#
.......#.........#')#......
....=..#........##(.##.....
..............).##[[# .....
#####..#......)..#### .###
####...#..........##.. .#
......................
)..###.##..........#..
......)..##..........#


You could see a hound, a gnoll (fast) and a jackal.

Vanquished Creatures
  3 bullfrogs
  2 gnoll sergeants (D:5)
  An orc wizard (D:4)
  2 hounds (D:5)
  A gnoll shaman (D:5)
  Crazy Yiuf (D:3)
  A bullfrog skeleton (D:4)
  Jessica (D:3)
  2 worker ants (D:4)
  11 gnolls
  6 adders
  9 river rats
  An ooze (Sewer)
  A worm (D:2)
  2 dart slugs
  A leopard gecko (D:3)
  5 orcs
  3 giant cockroaches (D:1)
  7 hobgoblins
  7 kobolds
  A quokka (D:4)
  17 ball pythons
  10 bats
  5 frilled lizards
  7 goblins
  A leopard gecko skeleton (D:4)
  32 rats
140 creatures vanquished.

Notes
Turn   | Place    | Note
-------+----------+-------------------------------------------
     0 | D:1      | Contigo the Minotaur Berserker began the quest for the Orb.
     0 | D:1      | Reached XP level 1. HP: 19/19 MP: 0/0
   270 | D:1      | Reached XP level 2. HP: 27/27 MP: 1/1
  2079 | D:2      | Reached XP level 3. HP: 33/33 MP: 2/2
  2111 | D:2      | Found a burning altar of Makhleb.
  2326 | D:2      | Found a stormy altar of Qazlal.
  2327 | D:2      | Noticed a water elemental
  2330 | D:2      | Noticed a fire elemental
  2331 | D:2      | Noticed an earth elemental
  2331 | D:2      | Noticed an air elemental
  2467 | D:2      | Reached skill level 3 in Armour
  3047 | D:3      | Reached skill level 1 in Short Blades
  3092 | D:3      | Reached ** piety under Trog
  3196 | D:3      | Found a runed translucent door.
  3297 | D:3      | Noticed Crazy Yiuf
  3305 | D:3      | Killed Crazy Yiuf
  3306 | D:3      | Reached XP level 4. HP: 41/41 MP: 3/3
  3996 | D:3      | Found a basalt altar of Yredelemnul.
  4475 | D:3      | Noticed Jessica
  4485 | D:3      | Killed Jessica
  5306 | D:4      | Reached XP level 5. HP: 43/47 MP: 4/4
  5458 | D:4      | Reached skill level 1 in Staves
  5458 | D:4      | Reached skill level 4 in Armour
  5458 | D:4      | Reached skill level 1 in Stealth
  5469 | D:4      | Reached XP level 6. HP: 31/53 MP: 5/5
  5689 | D:4      | Found a glowing drain.
  5715 | Sewer    | Entered a sewer
  7981 | Sewer    | Reached *** piety under Trog
  7995 | Sewer    | Reached skill level 5 in Armour
  8055 | Sewer    | Reached skill level 5 in Fighting
  8055 | Sewer    | Reached XP level 7. HP: 46/61 MP: 6/6
  8307 | D:4      | Found a hazy altar of Hepliaklqana.
  8492 | D:4      | Found a white marble altar of Elyvilon.
  8995 | D:5      | Entered Level 5 of the Dungeon
  9430 | D:5      | Reached skill level 6 in Armour
 10313 | D:5      | Slain by a gnoll

Illustrated notes

Levels and vault maps discovered:
D:1:      dpeg_arrival_shrine, layout_loops_ring
D:2:      layout_loops_ring, nicolae_qazlal_style_of_elements,
          overflow_temple_1_default
D:3:      layout_loops_ring, lemuel_coloured_pillars_altar, st_stairs_9,
          uniq_crazy_yiuf_cottage, uniq_jessica
D:4:      layout_basic, nzn_hepliaklqana_mist_gate, elyvilon_altar_5,
          portal_sewer_entry_a
D:5:      layout_cave_pools, nicolae_overflow_crystal_walls,
          general_overflow_altar, serial_gnoll_camp, gnoll_camp_huts_basic,
          gnoll_camp_mini_basic, gnoll_camp_mini_sergeant, gnoll_camp_mini_shop,
          gnoll_camp_mini_loothouse, serial_bayou_pond_a,
          hangedman_abyss_or_decor_slice, uniq_grinder, uniq_blork_the_orc

Skill      XL: |  1  2  3  4  5  6  7 |
---------------+----------------------+-----
Axes           | 4 |  4.4
Fighting       | 4 5 |  5.3
Armour         | 3 4 5 6 |  6.3
Short Blades   | 1 2 |  2.9
Dodging        | 3 4 |  4.3
Staves         | 1 2 4 |  4.4
Stealth        | 1 |  1.4
Maces & Flails | |  0.8

Action                   |  1- 3 |  4- 6 |  7- 9 || total
-------------------------+-------+-------+-------++-------
Melee: Hand axe          |    28 |       |       ||    28
       Headbutt          |     8 |    10 |    11 ||    29
       Dagger            |    56 |       |       ||    56
       Quarterstaff      |       |   118 |    42 ||   160
       Mace              |       |       |     9 ||     9
Throw: Boomerang         |       |       |     2 ||     2
       Dart              |       |       |     1 ||     1
Invok: Berserk           |     2 |     1 |     3 ||     6
       Trog's Hand       |       |       |     2 ||     2
  Use: Scroll            |     5 |     3 |       ||     8
       Potion            |     1 |       |     2 ||     3
Armor: Animal skin       |    20 |       |       ||    20
       Ring mail         |     6 |    60 |    29 ||    95
Dodge: Dodged            |    56 |   133 |    73 ||   262
Block: Buckler           |       |       |     6 ||     6
